 Dungeon Crawl Stone Soup version 0.23.2 (webtiles) character file.

Game seed: 4830748509070859441

64 Leeroy the Chiller (level 4, -12/31 HPs)
             Began as a Barachi Ice Elementalist on Apr 12, 2019.
             Mangled by Sigmund
             ... wielding a +0 scythe
              (14 damage)
             ... on level 2 of the Dungeon.
             The game lasted 00:08:01 (1688 turns).

Leeroy the Chiller (Barachi Ice Elementalist)       Turns: 1688, Time: 00:08:02

Health: -12/31     AC:  2    Str: 10    XL:     4   Next: 12%
Magic:  1/7        EV: 12    Int: 16    God:
Gold:   137        SH:  0    Dex: 12    Spells: 1/7 levels left

rFire    . . .     SeeInvis .   u - +0 dagger (freeze)
rCold    . . .     Gourm    .   (no shield)
rNeg     . . .     Faith    .   a - +0 robe
rPois    .         Spirit   .   (no helmet)
rElec    .         Reflect  .   (no cloak)
rCorr    .         Harm     .   (no gloves)
MR       .....                  (no boots)
Stlth    ++........             (no amulet)
HPRegen  0.10/turn              (no ring)
MPRegen  0.10/turn              (no ring)

@: slow
A: +LOS, swims, slowness 1, strong legs 1
a: Hop


You were on level 2 of the Dungeon.
You were not hungry.

You visited 1 branch of the dungeon, and saw 3 of its levels.

You collected 137 gold pieces.

Inventory:

Hand Weapons
 i - a +0 whip
 n - a +0 hunting sling
 o - a -1 dagger
 r - a +0 short sword
 u - a +0 dagger of freezing (weapon)
Missiles
 d - 32 bolts
 j - 138 stones (quivered)
Armour
 a - a +0 robe (worn)
 f - a +0 ring mail
 g - a +0 scale mail
Jewellery
 t - an uncursed ring of fire {unknown}
Scrolls
 b - a scroll of remove curse
 h - 3 scrolls of identify {unknown}
 k - 2 scrolls of enchant armour {unknown}
 l - a scroll of enchant weapon {unknown}
 p - a scroll of fear {unknown}
 q - a scroll of teleportation {unknown}
Potions
 s - a potion of agility {unknown}
Comestibles
 c - 2 rations
 v - a chunk of flesh


   Skills:
 * Level 0.8 Fighting
 + Level 0.3 Short Blades
 - Level 2.2 Dodging
 - Level 1.7 Stealth
 - Level 2.2 Spellcasting
 + Level 1.1 Conjurations
 + Level 5.6 Ice Magic


You had one spell level left.
You knew the following spells:

 Your Spells              Type           Power        Failure   Level  Hunger
a - Freeze                Ice            ###.         1%          1    #......
b - Throw Frost           Conj/Ice       ##....       8%          2    ###....
c - Ozocubu's Armour      Chrm/Ice       ##......     19%         3    ###....

Your spell library contained the following spells:

 Spells                   Type           Power        Failure   Level  Hunger
 Throw Icicle             Conj/Ice       ##......     45%         4    #####..
 Summon Ice Beast         Ice/Summ       ##......     54%         4    #####..


Dungeon Overview and Level Annotations

Branches:
Dungeon (3/15)

Altars:

Annotations:
D:2 Sigmund


Innate Abilities, Weirdness & Mutations

Shadows flee at your approach. (+LOS)
You can swim through water.
You cover ground slowly.
You can hop short distances.


Message History

You completely miss something. Something barely misses you.
You barely miss something.
You feel less confused.
You miss something.
You hear some strange, mumbled words.
A magic dart appears from out of thin air!
The magic dart hits you.
You barely miss something. Something hits you!
* * * LOW HITPOINT WARNING * * *
Casting: Ozocubu's Armour (safe; 19% risk of failure)
Confirm with . or Enter, or press ? or * to list all spells.
Aiming: Freeze (safe; 1% risk of failure)
Press: ? - help, Shift-Dir - straight line You freeze something.
Something hits you.
* * * LOW HITPOINT WARNING * * *
You hit something but do no damage. You hit something but do no damage.
Something hits you.
* * * LOW HITPOINT WARNING * * *
It was a potion of cancellation.
You feel magically purged. Something hits you!
You die...

##......# #######
#.....#####.....#
##..............#
###.#.#####.....# #.###
####.#### #.# #......>#
##'## #.......# ##...##
#.......# #.....##
#....{@.# .......##
#.......#
........###.......#####
........+.....>........
........#......########
.......##.##...#
#.....###.##.#.#
##...## #.##.#.##
###'## #.##....#


There were no monsters in sight!

Vanquished Creatures
  2 adders
  2 oozes (D:2)
  A worm (D:2)
  A dart slug (D:2)
  A leopard gecko (D:1)
  A ball python (D:1)
  4 bats (D:2)
  A giant cockroach (D:2)
  2 goblins
  5 hobgoblins
  3 jackals (D:1)
  2 frilled lizards
  5 kobolds
  A rat (D:1)
31 creatures vanquished.

Notes
Turn   | Place    | Note
-------+----------+-------------------------------------------
     0 | D:1      | Leeroy the Barachi Ice Elementalist began the quest for the
                  | Orb.
     0 | D:1      | Reached XP level 1. HP: 13/13 MP: 3/3
    93 | D:1      | Reached skill level 4 in Ice Magic
   200 | D:1      | Reached XP level 2. HP: 6/19 MP: 1/5
  1055 | D:2      | Learned a level 2 spell: Throw Frost
  1058 | D:2      | Noticed Sigmund
  1158 | D:2      | Reached skill level 5 in Ice Magic
  1158 | D:2      | Reached XP level 3. HP: 4/24 MP: 2/6
  1253 | D:2      | Learned a level 3 spell: Ozocubu's Armour
  1568 | D:3      | Reached XP level 4. HP: 24/31 MP: 3/7
  1688 | D:2      | Mangled by Sigmund

Skill      XL: |  1  2 |
---------------+-------+-----
Ice Magic      | 4 5 |  5.6
Fighting       | |  0.8
Short Blades   | |  0.3
Dodging        | |  2.2
Stealth        | |  1.7
Spellcasting   | |  2.2
Conjurations   | |  1.1

Action                   |  1- 3 |  4- 6 || total
-------------------------+-------+-------++-------
Melee: Whip              |    29 |       ||    29
       Short sword       |    18 |       ||    18
       Dagger            |    23 |    15 ||    38
Throw: Stone             |     1 |       ||     1
 Cast: Freeze            |    26 |     3 ||    29
       Ozocubu's Armour  |     1 |     2 ||     3
       Throw Frost       |     1 |     1 ||     2
 Abil: Hop               |       |     1 ||     1
  Use: Scroll            |     1 |       ||     1
       Potion            |     1 |     2 ||     3
 Stab: Sleeping          |     2 |     1 ||     3
  Eat: Chunk             |     3 |     1 ||     4
Armor: Robe              |    20 |     2 ||    22
Dodge: Dodged            |    59 |     7 ||    66
